Map: Alcyone LE

Players

Terradin

  • Race: Terran Terran
  • League: Diamond
  • Spawn Location: 7:00

VOD

Have the link to the VOD?

Description

Time

  • Played on: Sept. 9, 2024, 12:14 p.m.
  • Length: 9:36
Show
View Real Time Build Order
Export as new Build Order

Terradin Terran 

Build Orders: 2 Factory, Reaper Expand, Mech 

Get SALT Encoding   

  12  0:00  SCV  
  13  0:12  SCV  
  14  0:17  Supply Depot  
  14  0:24  SCV  
  15  0:38  SCV  
  15  0:39  Barracks  
  16  0:45  Refinery  
  16  0:50  SCV  
  17  1:03  SCV  
  18  1:15  SCV  
  19  1:27  Orbital Command  
  19  1:29  Reaper  
  20  1:44  Command Center  
  20  1:53  SCV  
  21  2:00  Marine, Supply Depot  
  22  2:06  SCV  
  23  2:17  Factory  
  23  2:21  SCV  
  24  2:28  Barracks Reactor  
  24  2:29  Refinery  
  24  2:33  SCV  
  25  2:45  SCV  
  26  2:57  SCV  
  27  3:02  Orbital Command  
  27  3:07  Factory  
  27  3:13  SCV  
  27  3:17  Barracks Tech Lab  
  27  3:19  Hellion x2  
  32  3:25  SCV  
  33  3:29  SCV  
  34  3:42  Hellion x2  
  34  3:46  Supply Depot  
  38  3:48  Supply Depot  
  38  3:49  SCV  
  38  3:50  SCV  
  40  3:57  Cyclone, Infernal Pre-Igniter  
  40  4:01  SCV  
  40  4:02  SCV  
  48  4:10  Hellion x2  
  48  4:13  SCV  
  48  4:14  SCV  
  50  4:22  Command Center  
  50  4:25  SCV  
  50  4:29  Cyclone  
  53  4:33  Barracks Tech Lab  
  53  4:34  SCV  
  53  4:35  Hellion  
  53  4:36  Hellion  
  53  4:37  Factory, SCV  
  59  4:44  Armory  
  59  4:46  SCV  
  59  4:50  SCV  
  59  4:52  Refinery  
  61  4:53  Refinery  
  61  4:58  SCV  
  62  5:09  Cyclone, SCV, Hellion x2  
  62  5:10  SCV  
  62  5:12  Supply Depot  
  62  5:14  Supply Depot  
  70  5:32  Supply Depot  
  70  5:33  SCV  
  70  5:34  Siege Tank, SCV  
  79  5:35  Hellion x2  
  79  5:38  Terran Vehicle Weapons Level 1  
  79  5:41  Siege Tank  
  82  5:57  SCV  
  83  5:58  SCV  
  84  6:07  Factory x2  
  84  6:13  SCV  
  84  6:16  Refinery  
  84  6:17  Hellion x2  
  84  6:18  Refinery, Siege Tank x2  
  95  6:19  Barracks Tech Lab  
  95  6:21  SCV  
  95  6:23  Orbital Command  
  96  6:29  Supply Depot  
  96  6:33  SCV x2  
  98  6:45  SCV x2  
  98  6:46  Hellion  
  98  6:47  Hellion  
  104  6:54  Factory Reactor  
  104  6:57  SCV  
  104  6:59  Siege Tank x2  
  104  7:00  SCV x2  
  113  7:03  Engineering Bay  
  113  7:04  Supply Depot  
  113  7:08  Supply Depot  
  113  7:09  SCV  
  113  7:12  SCV x2  
  116  7:21  SCV  
  117  7:25  Siege Tank, SCV  
  117  7:27  Hellion x2  
  125  7:30  SCV  
  125  7:31  Supply Depot  
  125  7:33  SCV  
  127  7:38  SCV, Hellion x2  
  127  7:40  Supply Depot x2  
  127  7:42  SCV  
  133  7:52  SCV x2, Thor  
  141  7:59  Thor  
  141  8:04  Supply Depot  
  147  8:08  Command Center, SCV  
  147  8:09  SCV x2  
  150  8:13  Armory  
  150  8:16  Hellion x4  
  158  8:26  Supply Depot  
  158  8:29  Thor, Supply Depot  
  164  8:40  SCV x3  
  167  8:42  Factory  
  167  8:44  Factory, Thor  
  173  8:50  Supply Depot  
  173  8:57  Cyclone x3  
  173  8:58  Cyclone  
  181  9:04  Supply Depot  
  193  9:27  Factory Tech Lab  
  193  9:28  Factory Tech Lab  
  193  9:31  Missile Turret  
  199  9:32  Missile Turret  
Tags
 
Add a new tag
Caveats
  • Supply blocks, unpowered buildings, or Contaminate may cause inaccurate times.
  • Supply counts are checked every 10 seconds.